 Dungeon Crawl Stone Soup version 0.29.0 (webtiles) character file.

Game seed: 3368098277499081514

1090 brinewave the Stinger (level 8, -2/62 HPs)
             Began as a Naga Venom Mage on Sept 10, 2022.
             Was an Initiate of Vehumet.
             Slain by an orc
             ... wielding a +0 whip
              (3 damage)
             ... on level 6 of the Dungeon.
             The game lasted 00:22:31 (6738 turns).

brinewave the Stinger (Naga Venom Mage)             Turns: 6738, Time: 00:22:32

Health: -2/62      AC:  5    Str: 11    XL:     8   Next: 31%
Magic:  13/15      EV:  9    Int: 18    God:    Vehumet [......]
Gold:   212        SH:  0    Dex: 11    Spells: 5/16 levels left

rFire   . . .      SeeInvis +   b - +2 quarterstaff (spect)
rCold   . . .      Faith    .   (shield currently unavailable)
rNeg    . . .      Spirit   .   h - +0 robe
rPois   +          Reflect  .   j - +0 helmet
rElec   .          Harm     .   (no cloak)
rCorr   .          Rampage  .   s - +0 pair of gloves
Will    +....                   (no barding)
Stlth   ++........              t - amulet of the acrobat
HPRegen 0.20/turn               (no ring)
MPRegen 0.14/turn               (no ring)

@: very slow
A: AC +2, large, see invisible, deformed body, poison resistance, slowness 2,
spit poison 1, naga tail 1
a: Spit Poison, Renounce Religion


You were on level 6 of the Dungeon.
You worshipped Vehumet.
Vehumet was noncommittal.
You visited 1 branch of the dungeon, and saw 6 of its levels.

You collected 212 gold pieces.

Inventory:

Hand Weapons
 a - a +1 dagger of venom
 b - a +2 spectral quarterstaff (weapon)
Missiles
 i - 4 poisoned darts
Armour
 h - a +0 robe (worn)
 j - a +0 helmet (worn)
 s - a +0 pair of gloves (worn)
Magical Staves
 x - a staff of air
Jewellery
 n - an amulet of magic regeneration
 t - an amulet of the acrobat (around neck)
Wands
 q - a wand of flame (32)
Scrolls
 e - a scroll of poison {unknown}
 l - a scroll of blinking {unknown}
 p - a scroll of teleportation {unknown}
 v - a scroll of torment {unknown}
 y - a scroll of enchant weapon {unknown}
Potions
 c - 3 potions of might
 d - a potion of ambrosia {unknown}
 f - a potion of flight {unknown}
 g - a potion of haste
 k - a potion of magic
 m - a potion of brilliance
 o - 2 potions of curing
 r - a potion of mutation {unknown}
 u - a potion of attraction {unknown}


   Skills:
 - Level 1.5 Dodging
 - Level 3.0 Stealth
 + Level 4.7 Spellcasting
 + Level 2.6 Conjurations
 - Level 3.8 Transmutations
 + Level 4.2 Air Magic
 + Level 7.5 Poison Magic


You had 5 spell levels left.
You knew the following spells:

 Your Spells              Type           Power      Damage    Failure   Level
a - Sting                 Tmut/Pois      96%        1d7       1%          1
b - Poisonous Vapours     Pois/Air       50%        N/A       1%          2
c - Shock                 Conj/Air       64%        1d7       3%          1
d - Mephitic Cloud        Conj/Pois/Air  21%        N/A       6%          3
e - Olgreb's Toxic Radia  Pois           31%        N/A       6%          4

Your spell library contained the following spells:

 Spells                   Type           Power      Damage    Failure   Level
 Swiftness                Air            19%        N/A       7%          3
 Summon Small Mammal      Summ           16%        N/A       14%         1
 Airstrike                Air            9%         2d(2-18)  24%         4
 Call Canine Familiar     Summ           4%         N/A       38%         3
 Summon Guardian Golem    Hex/Summ       4%         N/A       38%         3
 Anguish                  Hex/Necr       2%         N/A       80%         4
 Enfeeble                 Hex            2%         N/A       100%        7


Dungeon Overview and Level Annotations

Branches:
Dungeon (6/15)             Temple (0/1) D:5

Altars:
Cheibriados
Gozag
Okawaru
Trog
Uskayaw
Vehumet
Zin
The Shining One

Annotations:
D:6 Grinder


Innate Abilities, Weirdness & Mutations

Your serpentine skin is tough. (AC +2)
You have supernaturally acute eyesight. (SInv)
Armour fits poorly on your strangely shaped body.
Your system is resistant to poisons. (rPois)
You cover ground very slowly.
You can spit poison.
You have a snake-like lower body.


Message History

Menkaure is heavily damaged.
You have got your breath back.
Menkaure hits you!!
Aiming: Sting (safe; 1% risk of failure)
Press: ? - help, Q - select action, (/) - cycle Shift-Dir - straight line, f/p - orc
Aim: an orc, wielding a +0 whip and wearing a +0 leather armour (76% to hit)
The sting hits Menkaure.
Menkaure partially resists.
Menkaure is heavily damaged.
Menkaure calls on the powers of darkness!
The orc convulses!
Your body is wracked with pain!
* * * LOW HITPOINT WARNING * * *
The orc convulses! x2
You sock Menkaure!
Menkaure is almost destroyed.
Menkaure hits you!
* * * LOW HITPOINT WARNING * * *
You sock Menkaure!
You destroy Menkaure!
Vehumet accepts your kill.
Your life force feels restored.
You hit the orc.
You kill the orc!
Vehumet accepts your kill.
You sock the orc!
You kill the orc!
Vehumet accepts your kill.
Grinder comes into view.
Grinder blinks!
You barely miss the orc.
The orc is moderately wounded.
The orc hits you with a +0 whip.
* * * LOW HITPOINT WARNING * * *
You barely miss the orc.
The orc is moderately wounded.
Grinder blinks!
The orc hits you with a +0 whip.
* * * LOW HITPOINT WARNING * * *
You hit the orc.
The orc is almost dead.
The orc hits you but does no damage. The orc hits you with a +0 whip.
You die...

##### #####
#...# #...
###.#.###.###.#
#..ยง..<.5.....#
#.##..#.#@#####
.......#o#
.......###.#
.#...... ..#
####### ###


You could see Grinder and an orc.

Vanquished Creatures
  Sigmund (D:5)
  Menkaure (D:6)
  An orc warrior (D:4)
  A black bear (D:5)
  A phantom (D:5)
  A scorpion (D:4)
  A necrophage (D:5)
  A howler monkey (D:4)
  5 orc priests
  An iguana (D:5)
  2 orc wizards (D:4)
  Robin (D:4)
  4 adders
  2 dart slugs
  18 orcs
  8 bats
  5 endoplasms
  4 giant cockroaches
  17 goblins
  12 hobgoblins
  2 jackals
  8 kobolds
  3 quokkas
  7 ball pythons
  2 frilled lizards
  5 rats
114 creatures vanquished.

Notes
Turn   | Place    | Note
-------+----------+-------------------------------------------
     0 | D:1      | brinewave the Naga Venom Mage began the quest for the Orb.
     0 | D:1      | Reached XP level 1. HP: 15/15 MP: 3/3
   394 | D:1      | Reached XP level 2. HP: 21/22 MP: 3/5
   977 | D:1      | Reached XP level 3. HP: 23/28 MP: 3/6
  1141 | D:1      | Found a faded altar of an unknown god.
  1346 | D:1      | Learned a level 2 spell: Poisonous Vapours
  1587 | D:2      | Found a glowing golden altar of the Shining One.
  1899 | D:2      | Reached XP level 4. HP: 27/36 MP: 4/8
  2487 | D:3      | Reached skill level 1 in Air Magic
  2487 | D:3      | Reached skill level 5 in Poison Magic
  2587 | D:3      | Reached XP level 5. HP: 22/42 MP: 3/9
  3373 | D:4      | Noticed an orc warrior
  3417 | D:4      | Found a hide-covered altar of Uskayaw.
  3420 | D:4      | Found a glowing silver altar of Zin.
  3420 | D:4      | Found an iron altar of Okawaru.
  3421 | D:4      | Found a snail-covered altar of Cheibriados.
  3421 | D:4      | Found an opulent altar of Gozag.
  3421 | D:4      | Found a radiant altar of Vehumet.
  3428 | D:4      | Became a worshipper of Vehumet
  3525 | D:4      | Reached XP level 6. HP: 42/49 MP: 7/10
  3632 | D:4      | Noticed Robin
  3651 | D:4      | Killed Robin
  4139 | D:5      | Entered Level 5 of the Dungeon
  4314 | D:5      | Noticed Sigmund
  4343 | D:5      | HP: 2/49 [orc priest/divine providence (13)]
  4349 | D:5      | Killed Sigmund
  4350 | D:5      | Reached skill level 6 in Poison Magic
  4350 | D:5      | Reached XP level 7. HP: 14/55 MP: 12/12
  4642 | D:5      | Learned a level 1 spell: Shock
  4760 | D:5      | Reached skill level 1 in Conjurations
  5263 | D:4      | Reached skill level 7 in Poison Magic
  5479 | D:4      | Reached XP level 8. HP: 31/62 MP: 11/14
  6014 | D:5      | Found a bloodstained altar of Trog.
  6175 | D:5      | Learned a level 3 spell: Mephitic Cloud
  6180 | D:5      | Learned a level 4 spell: Olgreb's Toxic Radiance
  6422 | D:5      | Found a staircase to the Ecumenical Temple.
  6723 | D:6      | Noticed Menkaure
  6732 | D:6      | Killed Menkaure
  6735 | D:6      | Noticed Grinder
  6737 | D:6      | HP: 1/62 [orc/+0 whip (4)]
  6738 | D:6      | Slain by an orc

Illustrated notes

Levels and vault maps discovered:
D:1:      dpeg_arrival_tiny_i, layout_rooms,
          hellmonk_ecumenical_altar_arch_garden, minmay_misc_feat_hallway
D:2:      layout_loops_ring, basic_altar, grunt_ministairs_14
D:3:      cheibrodos_pilgrimage, layout_basic
D:4:      layout_loops_corners, grunt_temple_overflow_open, uniq_robin
D:5:      layout_basic, mainiacjoe_overflow_24_doors, temple_green, uniq_sigmund
D:6:      layout_basic, uniq_menkaure, uniq_grinder

Skill      XL: |  1  2  3  4  5  6  7  8 |
---------------+-------------------------+-----
Transmutations | 2 3 |  3.8
Air Magic      | 1 2 3 4 |  4.2
Poison Magic   | 5 6 7 |  7.5
Spellcasting   | 3 4 |  4.7
Conjurations   | 2 |  2.6
Dodging        | |  1.5
Stealth        | |  3.0

Action                   |  1- 3 |  4- 6 |  7- 9 || total
-------------------------+-------+-------+-------++-------
Melee: Unarmed           |    11 |       |       ||    11
       Dagger            |    34 |    46 |    70 ||   150
       Punch             |     1 |       |       ||     1
       Quarterstaff      |       |    21 |    11 ||    32
Throw: Dart              |       |       |     4 ||     4
 Cast: Sting             |    58 |    59 |    19 ||   136
 Abil: Spit Poison       |       |     4 |     6 ||    10
  Use: Scroll            |       |     3 |     2 ||     5
       Potion            |       |     4 |     2 ||     6
 Stab: Sleeping          |     3 |     4 |     1 ||     8
Armor: Robe              |    11 |    27 |    32 ||    70
Dodge: Dodged            |    27 |    54 |    82 ||   163
